 Dungeon Crawl Stone Soup version 0.29-a0-872-g797fff5ad1 (webtiles) character file.

Game seed: 5279926958142125013

3546 mcwallace the Caller (level 10, -3/51 HPs)
             Began as a Vine Stalker Summoner on July 18, 2022.
             Was a Follower of Vehumet.
             Slain by a yak (8 damage)
             ... led by a torpor snail
             ... on level 8 of the Dungeon.
             The game lasted 00:21:38 (8193 turns).

mcwallace the Caller (Vine Stalker Summoner)        Turns: 8193, Time: 00:21:39

Health: -3/51      AC: 14    Str: 10    XL:     10   Next: 9%
Magic:  0/21       EV: 16    Int: 19    God:    Vehumet [*.....]
Gold:   542        SH:  0    Dex: 16    Spells: 18/22 levels left

rFire   + . .      SeeInvis .   Z - +2 scythe (protect) {polearm}
rCold   . . .      Faith    .   (shield currently unavailable)
rNeg    . . .      Spirit   +   G - +0 swamp dragon scales
rPois   +          Reflect  .   (no helmet)
rElec   .          Harm     .   x - +0 cloak
rCorr   .          Rampage  .   m - +1 pair of gloves
Will    +....                   F - +1 pair of boots
Stlth   ++........              f - amulet of the acrobat
HPRegen 0.97/turn               w - ring of protection from fire
MPRegen 0.17/turn               B - +4 ring of evasion

@: about to teleport, slowed, very slow
A: fangs 3, regeneration 1, magic shield, antimagic bite, no potion heal 2
a: Renounce Religion


You were on level 8 of the Dungeon.
You worshipped Vehumet.
Vehumet was aware of your devotion.
You visited 3 branches of the dungeon, and saw 10 of its levels.

You collected 542 gold pieces.


Innate Abilities, Weirdness & Mutations

You have razor-sharp teeth.
Your natural rate of healing is unusually fast.
When hurt, damage is shared between your health and your magic reserves.
Your bite disrupts and absorbs the magic of your enemies.
Potions cannot restore your health.


   Skills:
 + Level 5.5 Fighting
 + Level 4.6 Armour
 + Level 5.4 Dodging
 - Level 2.4 Stealth
 + Level 6.7 Spellcasting
 + Level 7.5 Summonings
 + Level 2.4 Air Magic


You had 18 spell levels left.
You knew the following spells:

 Your Spells              Type           Power      Damage    Failure   Level
a - Summon Small Mammal   Summ           100%       N/A       1%          1
b - Call Canine Familiar  Summ           35%        N/A       3%          3

Your spell library contained the following spells:

 Spells                   Type           Power      Damage    Failure   Level
 Magic Dart               Conj           24%        1d4       24%         1
 Call Imp                 Summ           35%        N/A       1%          2
 Summon Guardian Golem    Hex/Summ       20%        N/A       16%         3
 Static Discharge         Conj/Air       10%        3-5/arc   22%         2
 Summon Lightning Spire   Summ/Air       25%        N/A       30%         4
 Scorch                   Fire           12%        2d5       36%         2
 Summon Cactus Giant      Summ           17%        N/A       86%         6
 Flame Wave               Conj/Fire      6%         2d5       94%         4
 Lightning Bolt           Conj/Air       5%         1d17      99%         5
 Maxwell's Capacitive Co  Air            7%         ∞         100%        8

Inventory:

Hand Weapons
 o - a +1 whip of draining {mace}
   (You took it off a kobold on level 1 of the Dungeon)
 q - a +0 dire flail of draining {mace}
   (You took it off Edmund on level 5 of the Dungeon)
 P - the +5 shortbow "Fouheam" {vorpal, Will+ Str-2 SInv, bow}
   (You found it on level 4 of the Dungeon)

   Any ammunition fired from it inflicts extra damage upon your enemies.
   Str:       It affects your strength (-2).
   SInv:      It lets you see invisible.
   Will:      It increases your willpower.
 Z - a +2 scythe of protection (weapon) {polearm}
   (You took it off Sigmund on level 6 of the Dungeon)
Missiles
 e - a curare-tipped dart {=fthrowing}
 l - 96 stones {throwing}
 I - 7 poisoned darts {throwing}
Armour
 m - a +1 pair of gloves (worn)
   (You found it on level 1 of the Dungeon)
 x - a +0 cloak (worn)
   (You found it on level 3 of the Dungeon)
 D - a +0 ring mail
   (You found it on level 8 of the Dungeon)
 E - a +0 robe
   (You found it on level 3 of the Dungeon)
 F - a +1 pair of boots (worn)
   (You found it on level 3 of the Dungeon)
 G - +0 swamp dragon scales (worn)
   (You found it on level 3 of the Dungeon)
 K - a +0 robe
   (You took it off an orc wizard on level 4 of the Dungeon)
 N - a +0 leather armour
   (You found it on level 4 of the Dungeon)
 Q - a +0 scale mail
   (You found it on level 4 of the Dungeon)
 T - a +0 scale mail
   (You found it on level 5 of the Dungeon)
 U - the +4 ring mail "Foro" {Dex+2}
   (You found it on level 5 of the Dungeon)

   Dex:       It affects your dexterity (+2).
 V - a +0 scale mail
   (You took it off an orc on level 6 of the Dungeon)
 W - a +0 plate armour
   (You took it off an orc warrior on level 6 of the Dungeon)
 Y - a +0 robe
   (You took it off Sigmund on level 6 of the Dungeon)
Magical Staves
 y - a staff of cold {!astaff}
   (You found it on level 3 of the Dungeon)
Jewellery
 f - an amulet of the acrobat (around neck)
   (You found it on level 1 of the Dungeon)
 w - a ring of protection from fire (left hand)
   (You found it on level 2 of the Dungeon)
 B - a +4 ring of evasion (right hand)
   (You found it on level 7 of the Dungeon)
Wands
 z - a wand of roots (11)
   (You found it on level 6 of the Dungeon)
 S - a wand of polymorph (3)
   (You found it on level 4 of the Dungeon)
Scrolls
 a - a scroll of magic mapping {unknown}
 d - 2 scrolls of teleportation {@r4}
 h - a scroll of vulnerability {unknown}
 i - 4 scrolls of enchant armour
 j - a scroll of summoning {unknown}
 n - a scroll of amnesia {unknown}
 s - 3 scrolls of immolation {!r!r}
 A - a scroll of fear {unknown}
 C - a scroll of noise {unknown}
 M - a scroll of acquirement {unknown}
 O - 2 scrolls of enchant weapon
 R - a scroll of torment {unknown}
Potions
 b - 4 potions of magic
 c - a potion of resistance {unknown}
 g - 6 potions of curing {@q1}
 k - 2 potions of might {unknown}
 p - 2 potions of berserk rage {unknown}
 r - 3 potions of heal wounds {@q2}
 t - 3 potions of attraction {!q}
 u - 3 potions of flight {unknown}
 v - a potion of lignification {unknown}
 H - 2 potions of degeneration {unknown}
 J - 2 potions of mutation {unknown}
 L - 2 potions of brilliance {unknown}
 X - 6 potions of haste {unknown}

Dungeon Overview and Level Annotations

Branches:
Dungeon (8/15) Zot: 26328  Temple (1/1) D:7 Zot: 5753    Lair (1/5) D:8 Zot: 5936

Altars:
Ashenzari
Cheibriados
Dithmenos
Elyvilon
Fedhas
Gozag
Hepliaklqana
Kikubaaqudgha
Makhleb
Nemelex Xobeh
Okawaru
Qazlal
Ru
Sif Muna
Uskayaw
Vehumet
Wu Jian
Xom
Yredelemnul
Zin
The Shining One

Annotations:
D:5 3 runed translucent doors, Yogidamonk's ghost, novice MiFi

##...##...## #......#
##..........## #####......#
#............# #..........#
#............# #..........# ###
#......))....# #..........# ##..
##......)...## #....###.#####...
###....#)..## ##....###.###.....
.....#.##### ###Y....##..##...#.#
.....#.# ##.S@Y...##.......#.#
.###...#### #..#Yw...##....####.#
..........###.###....##.#..# #.#
.###))###.....# ##..###.#..# ##.#
...........#### ##†##......###...
.........#....###..#..#..#.......
..........###.....#†.##.#.......#
...........####.....###...##.....
...........## #...#.............#


You could see a torpor snail, 3 yaks and a water moccasin.


Message History

You regained 2 hp, and now have 48/51 hp.
You slash the yak! You bite the yak. You drain its power.
The yak gores you but does no damage. 😕 HP[+1]
You hit the yak. You bite the yak. You drain its power. The yak gores you!
The yak gores you but does no damage. 😕 HP[-4] MP[-2]
You take 4 damage, and now have 45/51 hp.
You lost 2 mp, and now have 18/20 mp.
You puncture the yak!
You kill the yak!
Vehumet accepts your kill. 😕 HP[+2]
You regained 2 hp, and now have 47/51 hp.
You see here a yak corpse. 😕 HP[+1] 😕 HP[+1]
You see here a yak corpse. 😕 HP[+1] MP[+1] 😎 HP[+1]
Your hp is fully restored (51).
There is a staircase to the Lair here.
You climb downwards.
Welcome back to the Lair of Beasts!
You feel an oppressive heat about you.
There is an entrance to a volcano on this level.
Hurry and find it before the entrance collapses!
You hear the slow rumble of a very distant avalanche of rocks.
The water moccasin misses you. The yak gores you but does no damage.
The yak closely misses you. The yak barely misses you.
The water moccasin misses you. The yak gores you but does no damage.
The yak gores you! The yak gores you but does no damage.
The torpor snail bites you!
Being near the torpor snail leaves you feeling lethargic.
There is a staircase back to the Dungeon, spattered with blood here. 😕 HP[-10] MP[-3]
You take 10 damage, and now have 41/51 hp.
You lost 3 mp, and now have 16/21 mp.
The water moccasin misses you. The yak barely misses you. The yak gores you!
The yak barely misses you.
The water moccasin bites you but does no damage.
The torpor snail closely misses you.
You climb upwards.
Welcome back to the Dungeon!
There is a staircase to the Lair here. 😮 HP[-5] MP[-4]
You take 5 damage, and now have 36/51 hp.
You lost 4 mp, and now have 12/21 mp.
You hit the water moccasin but do no damage.
Your weapon exudes an aura of protection.
Your bite misses the water moccasin. The water moccasin barely misses you.
The yak misses you. x2; The yak gores you but does no damage.
The water moccasin barely misses you. The yak misses you.
The yak gores you but does no damage. The yak barely misses you.
The water moccasin bites you but does no damage.
The torpor snail closely misses you. The yak barely misses you.
The yak misses you.
The yak closely misses you. 😮 HP[+2] MP[+1]
You regained 2 hp, and now have 38/51 hp.
You closely miss the water moccasin.
The water moccasin bites you but does no damage.
The water moccasin misses you. The yak gores you. x2
The torpor snail bites you!
* * * LOW HITPOINT WARNING * * *
The yak barely misses you. The water moccasin misses you.
The torpor snail bites you!
* * * LOW HITPOINT WARNING * * *
The yak gores you.
* * * LOW HITPOINT WARNING * * *
The yak gores you.
* * * LOW HITPOINT WARNING * * *
The yak gores you.
* * * LOW HITPOINT WARNING * * *
The water moccasin bites you.
* * * LOW HITPOINT WARNING * * *
You slash the water moccasin!
Your weapon exudes an aura of protection.
You bite the water moccasin. You drain its power.
You feel invigorated. The water moccasin barely misses you. The yak misses you.
The yak barely misses you. The yak gores you.
* * * LOW HITPOINT WARNING * * *
The water moccasin completely misses you.
The torpor snail bites you but does no damage.
The yak closely misses you. The yak barely misses you. The yak misses you.
The water moccasin misses you. The torpor snail completely misses you.
You barely miss the water moccasin. Your bite misses the water moccasin.
The water moccasin bites you but does no damage.
The yak misses you. The yak gores you.
* * * LOW HITPOINT WARNING * * *
The yak gores you but does no damage.
The water moccasin bites you but does no damage.
The yak closely misses you. The yak completely misses you. The yak misses you.
The torpor snail bites you but does no damage.
The water moccasin misses you. 😱 HP[-35] MP[-11]
You take 35 damage, and now have 3/51 hp.
MASSIVE DAMAGE!! (PAUSE)
You lost 11 mp, and now have 2/21 mp.
As you read the scroll of teleportation {@r4}, it crumbles to dust.
You feel strangely unstable. The water moccasin barely misses you.
The yak barely misses you. The yak gores you but does no damage.
The yak gores you!
You die...

Skill      XL: |  1  2  3  4  5  6  7  8  9 |
---------------+----------------------------+-----
Dodging        | 2 3 4 5 |  5.4
Fighting       | 1 2 3 4 5 |  5.5
Spellcasting   | 3 4 5 6 |  6.7
Armour         | 1 2 3 4 |  4.6
Summonings     | 5 6 7 |  7.5
Air Magic      | 2 |  2.4
Stealth        | |  2.4

Action                   |  1- 3 |  4- 6 |  7- 9 | 10-12 || total
-------------------------+-------+-------+-------+-------++-------
Melee: Club              |     7 |       |       |       ||     7
       Bite              |    12 |    18 |    95 |     7 ||   132
       Short sword       |    41 |       |       |       ||    41
       Whip              |    19 |    86 |    46 |       ||   151
       Dire flail        |       |       |   240 |       ||   240
       Halberd           |       |       |     9 |    20 ||    29
 Fire: Shortbow          |       |       |    35 |       ||    35
 Cast: Summon Small Mamm |    38 |    21 |    22 |       ||    81
       Call Canine Famil |       |     4 |    21 |       ||    25
  Use: Potion            |       |       |     1 |       ||     1
       Scroll            |       |       |     7 |     1 ||     8
 Stab: Sleeping          |     5 |     2 |       |       ||     7
       Distracted        |       |       |     1 |       ||     1
Armor: Robe              |    15 |    19 |       |       ||    34
       Swamp dragon scal |       |    27 |   148 |    25 ||   200
       Ring mail         |       |       |    22 |       ||    22
Dodge: Dodged            |    50 |   105 |   382 |    53 ||   590

Levels and vault maps discovered:
D:1:      lightli_arrival_noodles, layout_basic, ebering_ecumenical_altar_rust,
          minmay_crystal_room, chequers_serial_rivers_small_b,
          minmay_tromino_v4_a
D:2:      layout_rooms
D:3:      layout_loops_cross, kennysheep_minor_cross
D:4:      layout_cave_pools, minmay_joined_circles
D:5:      layout_loops_ring, mainiacjoe_overflow_six_doors_small,
          chequers_temple_overflow_statue_of_worship, overflow_temple_1_default,
          gammafunk_ghost_nasty_kobolds, uniq_edmund
D:6:      layout_basic, minmay_misc_feat_more_columns,
          minmay_fractal_squares_diagonal_5, uniq_sigmund
D:7:      layout_basic, zin_academy, minmay_temple_entry_overgrown,
          minmay_nine_imps
D:8:      layout_rooms, old_standard_altar, lair_entry_dummy
Temple:   regret_index_temple_generic_petals
Lair:1:   layout_concentric_octagons, enter_volcano_1, grunt_megastairs_2

Notes
Turn   | Place    | Note
-------+----------+-------------------------------------------
     0 | D:1      | mcwallace the Vine Stalker Summoner began the quest for the
                  | Orb.
     0 | D:1      | Reached XP level 1. HP: 9/9 MP: 4/4
     0 | D:1      | magus.rc [v1.9.6]
   174 | D:1      | Reached XP level 2. HP: 9/14 MP: 3/6
   585 | D:1      | Found a faded altar of an unknown god.
   606 | D:1      | HP: 1/14 [hobgoblin (4)]
   626 | D:1      | Reached XP level 3. HP: 2/17 MP: 1/7
   951 | D:1      | Reached skill level 2 in Dodging
  1128 | D:1      | Reached skill level 1 in Fighting
  1738 | D:2      | Learned a level 3 spell: Call Canine Familiar
  2340 | D:3      | Reached skill level 3 in Spellcasting
  2340 | D:3      | Gained mutation: Your natural rate of healing is unusually
                  | fast. [Vine Stalker growth]
  2340 | D:3      | Reached XP level 4. HP: 16/22 MP: 3/9
  2604 | D:3      | Reached XP level 5. HP: 26/26 MP: 5/10
  3172 | D:3      | Reached skill level 2 in Fighting
  3206 | D:4      | Reached XP level 6. HP: 30/30 MP: 10/12
  3278 | D:4      | Reached skill level 1 in Armour
  3280 | D:4      | HP: 7/30 [acid (8)]
  3304 | D:3      | Reached skill level 5 in Summonings
  3486 | D:4      | Reached skill level 3 in Dodging
  3499 | D:4      | Reached skill level 4 in Spellcasting
  3499 | D:4      | Reached XP level 7. HP: 35/35 MP: 9/14
  3665 | D:4      | Reached skill level 3 in Fighting
  3671 | D:4      | Identified the +5 shortbow "Fouheam" {vorpal, Will+ Str-2
                  | SInv}
  4094 | D:5      | Entered Level 5 of the Dungeon
  4109 | D:5      | Reached skill level 2 in Armour
  4363 | D:5      | Found a runed translucent gate.
  4363 | D:5      | Found a runed translucent gate.
  4363 | D:5      | Noticed Yogidamonk's ghost (novice MiFi)
  4364 | D:5      | Found a runed translucent gate.
  4447 | D:5      | Noticed Edmund
  4468 | D:5      | Killed Edmund
  4469 | D:5      | Gained mutation: You have razor-sharp teeth. [Vine Stalker
                  | growth]
  4469 | D:5      | Reached XP level 8. HP: 36/40 MP: 8/16
  4529 | D:5      | Found an opulent altar of Gozag.
  4616 | D:5      | You pick up a book of Scorching and begin reading...
  4616 | D:5      | You add the spells Scorch, Flame Wave and Summon Cactus
                  | Giant to your library.
  4727 | D:5      | Found a stormy altar of Qazlal.
  4956 | D:5      | Found a radiant altar of Vehumet.
  4958 | D:5      | Found a shimmering altar of Xom.
  4968 | D:5      | Identified the +4 ring mail "Foro" {Dex+2}
  5286 | D:6      | Reached skill level 6 in Summonings
  5295 | D:6      | Reached skill level 5 in Spellcasting
  5317 | D:6      | Reached skill level 4 in Dodging
  5466 | D:6      | Noticed Sigmund
  5487 | D:6      | Reached skill level 4 in Fighting
  5487 | D:6      | Reached skill level 3 in Armour
  5494 | D:6      | HP: 5/42 [orc priest/divine providence (7)]
  5533 | D:6      | Killed Sigmund
  5757 | D:6      | Reached XP level 9. HP: 46/46 MP: 18/18
  6336 | D:7      | Found a staircase to the Ecumenical Temple.
  6346 | Temple   | Entered the Ecumenical Temple
  6675 | D:5      | Became a worshipper of Vehumet
  6863 | D:7      | Reached skill level 6 in Spellcasting
  7016 | D:7      | You pick up a book of Lightning and begin reading...
  7016 | D:7      | You add the spells Static Discharge, Lightning Bolt and
                  | Maxwell's Capacitive Coupling to your library.
  7017 | D:7      | Found a glowing silver altar of Zin.
  7336 | D:7      | Reached skill level 5 in Fighting
  7336 | D:7      | Reached skill level 4 in Armour
  7336 | D:7      | Reached skill level 7 in Summonings
  7386 | D:7      | Reached skill level 5 in Dodging
  7455 | D:7      | Reached skill level 1 in Air Magic
  7531 | D:8      | Reached * piety under Vehumet
  7531 | D:8      | Offered knowledge of Magic Dart by Vehumet.
  7616 | D:8      | You pick up a book of Callings and begin reading...
  7860 | D:8      | Found a staircase to the Lair.
  8034 | D:8      | Found a broken altar of Ashenzari.
  8091 | Lair:1   | Entered Level 1 of the Lair of Beasts
  8135 | Lair:1   | Noticed a torpor snail
  8160 | D:8      | Reached skill level 2 in Air Magic
  8160 | D:8      | Reached XP level 10. HP: 41/51 MP: 16/20
  8190 | D:8      | HP: 12/51 [yak (2)]
  8191 | D:8      | HP: 5/51 [yak[a torpor snail] (4)]
  8193 | D:8      | Slain by a yak

Vanquished Creatures
  Sigmund (D:6)
  3 yaks (D:8)
  Edmund (D:5)
  2 orc warriors
  An ice beast (D:7)
  3 sky beasts
  2 centaurs
  A phantom (D:5)
  A scorpion (D:3)
  3 necrophages
  4 wights (D:7)
  4 crimson imps (D:7)
  4 hounds
  2 jellies
  An orc priest (D:6)
  3 iguanas
  2 orc wizards
  4 gnolls (D:5)
  3 adders
  A shadow imp (D:8)
  4 white imps
  3 ufetubi
  3 worms
  16 orcs
  4 endoplasms
  4 giant cockroaches
  12 goblins
  A jackal (D:4)
  6 kobolds
  A quokka (D:3)
  2 ball pythons
  2 bats
  2 frilled lizards
  4 rats (D:1)
110 creatures vanquished.

Vanquished Creatures (collateral kills)
  2 water moccasins
  A sky beast (D:7)
  An ogre (D:4)
  A phantom (D:5)
  A kobold brigand (D:8)
  2 scorpions
  A howler monkey (D:6)
  A crimson imp (D:7)
  3 orc priests
  An orc wizard (D:3)
  An adder (D:4)
  4 gnolls (D:4)
  2 white imps (D:7)
  2 worms (D:3)
  3 dart slugs
  4 orcs
  An endoplasm (D:1)
  6 hobgoblins
  8 kobolds
  A quokka (D:3)
  4 ball pythons
  2 bats
  5 goblins
  3 rats
60 creatures vanquished.

Vanquished Creatures (others)
  A fungus (Lair:1)
  4 plants
5 creatures vanquished.

Grand Total: 175 creatures vanquished

Table legend:
 A = Non-vault XP
 B = Vault XP
 C = Vault XP percentage of total XP
 D = Non-vault monster count
 E = Vault monster count
 F = Vault count percentage of total count
                 A         B        C        D         E       F
            +---------+---------+-------+---------+---------+-------
      Total |    3977 |    1090 |  21.5 |     142 |      28 |  16.5
            +---------+---------+-------+---------+---------+-------
        D:1 |      49 |       5 |   9.3 |      28 |       3 |   9.7
        D:2 |      22 |       0 |   0.0 |      11 |       0 |   0.0
        D:3 |     274 |       0 |   0.0 |      32 |       0 |   0.0
        D:4 |     291 |     183 |  38.6 |      15 |      10 |  40.0
        D:5 |     570 |     173 |  23.3 |      13 |       1 |   7.1
        D:6 |     559 |     443 |  44.2 |      12 |       5 |  29.4
        D:7 |    1075 |     286 |  21.0 |      14 |       9 |  39.1
        D:8 |     995 |       0 |   0.0 |      16 |       0 |   0.0
     Lair:1 |     142 |       0 |   0.0 |       1 |       0 |   0.0
            +---------+---------+-------+---------+---------+-------

Illustrated notes

Table legend:
 A = Kills in this place as a percentage of kills in entire the game.
 B = Kills by you in this place as a percentage of kills by you in the entire game.
 C = Kills by friends in this place as a percentage of kills by friends in the entire game.
 D = Other kills in this place as a percentage of other kills in the entire game.
 E = Experience gained in this place as a percentage of experience gained in the entire game.
 F = Experience gained in this place divided by the number of levels of this place that you have seen.
                   A       B       C       D       E      F
               +-------+-------+-------+-------+-------+----------------------
         Total | 100.0 | 100.0 | 100.0 |   N/A | 100.0 | 506.7
       Dungeon |  99.4 | 100.0 |  98.3 |   N/A |  97.2 | 615.6
          Lair |   0.6 |   0.0 |   1.7 |   N/A |   2.8 | 142.0
               +-------+-------+-------+-------+-------+----------------------

Table legend: (Time is in decaauts)
 A = Elapsed time spent in this place.
 B = Non-inter-level travel time spent in this place.
 C = Inter-level travel time spent in this place.
 D = Time resting spent in this place.
 E = Time spent auto-exploring this place.
 F = Levels seen in this place.
 G = Mean time per level.
                   A        B        C        D        E       F      G
               +--------+--------+--------+--------+--------+-----+--------+
         Total |   8335 |   7808 |    527 |    171 |   5933 |  10 |  833.5 |
       Dungeon |   8025 |   7534 |    491 |    171 |   5728 |   8 | 1003.1 |
        Temple |    246 |    210 |     36 |      0 |    205 |   1 |  246.0 |
          Lair |     63 |     63 |      0 |      0 |      0 |   1 |   63.0 |
               +--------+--------+--------+--------+--------+-----+--------+

Top non-repeatable levels by time:
     D:1: 1722 daAuts
     D:5: 1205 daAuts
     D:7: 1139 daAuts
     D:3: 1023 daAuts
     D:6: 894 daAuts
     D:4: 750 daAuts
     D:8: 670 daAuts
     D:2: 619 daAuts
  Temple: 246 daAuts
  Lair:1: 63 daAuts
